cohdb
Replays
Latest Replays
All Replays
Popular Replays
Top Player Replays
Match Explorer
How It Works
Community
CoH3 Stats
Reddit
Sign in to upload your games and track your stats! →
Sign in with Steam
Match 44830210
Unlisted
Match 44830210
Overview
Messages
Build Orders
End
Construct Section Command Post
Infantry Section
Infantry Section
Infantry Section
Infantry Section
Selects Air and Sea Battlegroup
Selects Supply Surplus
Construct Resource Cache
Construct Resource Cache
Infantry Section
Selects Commando Section Paradrop
Selects M1 Pack Howitzer Paradrop
Construct Resource Cache
Construct Resource Cache
Construct Resource Cache
Construct Platoon Command Post
Unlock M3 Stuart Light Tanks
Grenade Package
M3 Stuart Light Tank
M3 Stuart Light Tank
Selects Incendiary Bombing Run
Construct Company Command Post
Incendiary Bombing Run
Matilda II Heavy Tank
Serial Chiller
Moordin1
baegi
™
XuZhongwei
chjkop5
FateFaye
erpms948763
0
0
Comments
sign in to comment!
No comments posted yet!